 Dungeon Crawl Stone Soup version 0.15.0-34-g666c3a1 (webtiles) character file.

3565 Kashira the Nimble (level 9, -1/89 HPs)
             Began as a Troll Artificer on Sept 16, 2014.
             Was a Believer of Nemelex Xobeh.
             Slain by an elephant (13 damage)
             ... in a bailey.
             The game lasted 00:56:15 (8168 turns).

Kashira the Nimble (Troll Artificer)                Turns: 8168, Time: 00:56:15

HP  -1/89        AC  9     Str 21      XL: 9   Next: 84%
MP  11/11        EV 14     Int  8      God: Nemelex Xobeh [**....]
Gold 139         SH  0     Dex 13      Spells:  0 memorised,  8 levels left

rFire  + . .     SeeInvis .       - Unarmed
rCold  + . .     Clarity  .     M - +1 robe {rC+}
rNeg   + . .     rCorr    .     (shield restricted)
rPois  .         rRot     .     (helmet restricted)
rElec  .         Spirit   .     (no cloak)
SustAb .         Warding  +     (gloves unavailable)
rMut   .         Stasis   .     (boots unavailable)
Gourm  +                        q - amulet of warding
MR     .....                    A - +3 ring of protection
                                s - ring of protection from fire

@: not resistant to hostile enchantments, very unstealthy
A: unfitting armour, claws 3, fast metabolism 3, gourmand, regeneration 2,
saprovore 2, shaggy fur 1, tough skin 2
a: Draw One, Peek at Two, Renounce Religion


You were in a bailey.
You worshipped Nemelex Xobeh.
Nemelex Xobeh was pleased with you.
You were very full.

You visited 2 branches of the dungeon, and saw 11 of its levels.
You also visited: Bailey.

You collected 444 gold pieces.
You spent 305 gold pieces at shops.

Inventory:

Hand weapons
 l - a +1 spear
 u - a +0 whip
 w - a +0 shortbow
Missiles
 R - 22 arrows
Armour
 M - a +1 robe of cold resistance (worn)
Magical devices
 b - a wand of flame (1)
 c - a wand of enslavement (8)
 d - a wand of random effects (0)
 x - a wand of slowing (6)
 y - a wand of random effects (0)
 F - a wand of frost (0)
Comestibles
 a - 5 meat rations
 p - 2 bread rations
 J - a royal jelly
Scrolls
 g - 2 scrolls of noise
 i - 4 scrolls of teleportation
 j - 3 scrolls of recharging
 n - 6 scrolls of remove curse
 r - a scroll of random uselessness
 t - a scroll of magic mapping
 D - a scroll of amnesia
 E - a scroll of enchant weapon
 G - a scroll of silence
 H - a scroll of fog
 P - a scroll of immolation {unknown}
Jewellery
 q - an amulet of warding (around neck)
 s - a ring of protection from fire (left claw)
 A - a +3 ring of protection (right claw)
Potions
 f - 2 potions of agility
 h - 3 potions of flight
 k - 2 potions of cancellation
 o - 3 potions of brilliance
 z - 4 potions of heal wounds
 B - a potion of haste
 C - 2 potions of curing
 L - a potion of resistance {unknown}
Books
 m - a book of Dreams

   Spells                             Type                      Level
   Ensorcelled Hibernation            Hexes/Ice                    2
   Flight                             Charms/Air                   3
   Phase Shift                        Translocation                5
   Shadow Creatures                   Summoning                    5
   Mass Confusion                     Hexes                        6
   Darkness                           Hexes                        7
 I - a book of the Earth

   Spells                             Type                      Level
   Leda's Liquefaction                Hexes/Earth                  4
   Bolt of Magma                      Conjuration/Fire/Earth       5
   Statue Form                        Transmutation/Earth          6
   Iron Shot                          Conjuration/Earth            6
   Shatter                            Earth                        9
Miscellaneous
 N - a plain deck of war {drawn: 7}


   Skills:
 + Level 5.8 Fighting
 + Level 0.5 Throwing
 + Level 8.7 Dodging
 - Level 0.4 Stealth
 + Level 4.0 Unarmed Combat
 + Level 5.1 Evocations


You had 8 spell levels left.
You didn't know any spells.

Dungeon Overview and Level Annotations

Branches:
Dungeon (10/15)            Temple (1/1) D:6            Lair (0/8) D:9
    Orc: D:9-12

Altars:
Ashenzari
Cheibriados
Dithmenos
Elyvilon
Fedhas
Kikubaaqudgha
Makhleb
Nemelex Xobeh
Okawaru
Qazlal
Sif Muna
Trog
Vehumet
Xom
Yredelemnul
Zin
The Shining One

Shops:
D:4 (   D:5 ?   D:7 [

Annotations:
D:9 bullock's ghost, powerful DEWz


Innate Abilities, Weirdness & Mutations

You are too large for most types of armour.
You have claws for hands.
Your metabolism is lightning-fast.
You like to eat raw meat.
You heal very quickly.
You can eat rotten meat.
You are covered in fur (AC +1).
You have very tough skin (AC +2).


Message History

Evoke which item? (* to show all) (? for menu, Esc to quit)
All monsters which could be auto-targeted are covered by a wall or statue which interrupts your line of fire, even though it doesn't interrupt your line of sight.
Zapping:
d - a wand of random effects (2)
Press: ? - help, Shift-Dir - straight line Nothing appears to happen.
This wand has 1 charge left.
Something tramples you but does no damage.
Something trunk-slaps you.
Evoke which item? (* to show all) (? for menu, Esc to quit)
All monsters which could be auto-targeted are covered by a wall or statue which interrupts your line of fire, even though it doesn't interrupt your line of sight.
Zapping:
d - a wand of random effects (1)
Press: ? - help, Shift-Dir - straight line The bolt of cold hits something.
This wand has 0 charges left.
Something tramples you.
You stumble backwards!
Something tramples you!
You stumble backwards!
There is a gate leading back out of here here.
Something tramples you!!
* * * LOW HITPOINT WARNING * * *
You stumble backwards!
You stop descending the stairs.
Something tramples you!
You die...
Your body glows slightly and disappears.

#'# ..' #.....## ...
.go###(.....#
####'####gK#((.).≈≈≈≈ #
#...Koog####KK≈≈≈≈≈≈≈
≈≈(#ggKoogK#(≈≈≈≈≈≈≈....
≈≈≈≈#########≈≈≈≈.......#
#≈≈≈≈≈≈≈≈≈≈≈≈≈........##
#≈≈≈≈≈≈≈≈≈........###
#...@....((...####
##..{....((####
##.......### ##.....####
##...#### ###...##
##.....## ##.......##
#.........#


You could see 3 orc warriors, a gnoll, an orc, a hobgoblin, 2 goblins and 3
kobolds.

Vanquished Creatures
  A hungry ghost (D:7)
  2 orc warriors
  2 sky beasts
  A yellow wasp (D:8)
  4 ice beasts
  A spider (D:8)
  2 phantoms
  3 ogres
  3 big kobolds
  A centaur (D:10)
  A giant frog (D:7)
  3 scorpions
  A wight (D:10)
  9 killer bees (D:7)
  3 goliath beetles
  An orc priest (D:10)
  6 crimson imps
  3 giant frog skeletons
  4 worker ants
  A jelly (D:6)
  5 hounds
  An iguana (D:10)
  2 orc wizards (D:5)
  A big kobold zombie (D:10)
  Ijyb (D:2)
  A hound skeleton (D:6)
  10 adders
  8 gnolls (D:7)
  Natasha (twice) (D:3)
  2 shadow imps
  2 giant mites
  5 worms
  2 oozes (D:1)
  14 orcs
  A bat zombie (D:8)
  A giant cockroach (D:3)
  22 goblins
  18 hobgoblins
  38 kobolds
  10 quokkas
  A ball python (D:10)
  16 bats
  5 giant geckos
  A giant gecko zombie (D:5)
  6 giant newts
  A hobgoblin zombie (D:7)
  7 jackals
  A kobold skeleton (D:5)
  A kobold zombie (D:7)
  An orc skeleton (D:6)
  A quokka skeleton (D:5)
  A quokka zombie (D:6)
  14 rats
254 creatures vanquished.

Vanquished Creatures (collateral kills)
  A jackal (D:6)
  A rat (D:5)
2 creatures vanquished.

Vanquished Creatures (others)
  A jelly (D:6)
  Natasha (D:3)
  A shadow imp (D:6)
  3 fungi (D:9)
6 creatures vanquished.

Grand Total: 262 creatures vanquished

Notes
Turn   | Place    | Note
--------------------------------------------------------------
     0 | D:1      | Kashira, the Troll Artificer, began the quest for the Orb.
     0 | D:1      | Reached XP level 1. HP: 18/18 MP: 1/1
   117 | D:1      | Reached XP level 2. HP: 26/26 MP: 1/1
   338 | D:1      | Reached skill level 1 in Fighting
   478 | D:1      | Reached XP level 3. HP: 24/33 MP: 3/3
   864 | D:2      | Noticed Ijyb
   913 | D:2      | Killed Ijyb
   913 | D:2      | Reached skill level 3 in Evocations
  1104 | D:2      | Reached XP level 4. HP: 41/41 MP: 4/4
  1641 | D:3      | Found a glowing silver altar of Zin.
  1772 | D:3      | Noticed Natasha
  1782 | D:3      | Killed Natasha
  1782 | D:3      | Reached XP level 5. HP: 5/49 MP: 4/4
  2182 | D:3      | Noticed Natasha
  2192 | D:3      | Killed Natasha
  2359 | D:3      | Noticed Natasha
  2360 | D:3      | Killed Natasha
  2812 | D:4      | Noticed an ogre
  2816 | D:4      | Killed an ogre
  2816 | D:4      | Reached skill level 4 in Dodging
  2816 | D:4      | Reached XP level 6. HP: 57/59 MP: 6/6
  2901 | D:4      | Found Gyohunlu's Weapon Shoppe.
  3219 | D:5      | Entered Level 5 of the Dungeon
  3220 | D:5      | Found a basalt altar of Yredelemnul.
  3321 | D:5      | Reached XP level 7. HP: 57/67 MP: 7/7
  3378 | D:5      | Reached skill level 5 in Dodging
  3518 | D:5      | Found Kleuhadgh's Magic Scroll Boutique.
  3525 | D:5      | Bought a scroll of amnesia for 45 gold pieces
  3525 | D:5      | Bought a scroll of fear for 45 gold pieces
  3525 | D:5      | Bought a scroll of random uselessness for 13 gold pieces
  3525 | D:5      | Bought a scroll of silence for 97 gold pieces
  3525 | D:5      | Bought a scroll of noise for 13 gold pieces
  3525 | D:5      | Bought a scroll of fog for 26 gold pieces
  3896 | D:5      | Reached XP level 8. HP: 78/78 MP: 8/8
  4030 | D:5      | Found a radiant altar of Vehumet.
  4031 | D:5      | Found a burning altar of Makhleb.
  4309 | D:6      | Found a staircase to the Ecumenical Temple.
  4335 | Temple   | Entered the Ecumenical Temple
  4380 | Temple   | Became a worshipper of Nemelex Xobeh the Trickster
  4531 | D:6      | Reached skill level 6 in Dodging
  4702 | D:6      | HP: 1/78 [goliath beetle (29)]
  5149 | D:5      | Bought a scroll of identify for 26 gold pieces
  5149 | D:5      | Bought a scroll of identify for 26 gold pieces
  5209 | D:6      | Received a gift from Nemelex Xobeh
  6204 | D:7      | Reached skill level 7 in Dodging
  6240 | D:7      | Reached skill level 5 in Fighting
  6294 | D:7      | Found Athafioc's Antique Armour Boutique.
  6328 | D:7      | Bought a runed robe for 14 gold pieces
  6453 | D:7      | Reached XP level 9. HP: 80/88 MP: 10/10
  6582 | D:7      | Acquired Nemelex Xobeh's first power
  6716 | D:7      | Found a glowing golden altar of the Shining One.
  7233 | D:8      | Received a gift from Nemelex Xobeh
  7300 | D:8      | Found a glowing silver altar of Zin.
  7536 | D:8      | Reached skill level 8 in Dodging
  7574 | D:8      | Reached skill level 5 in Evocations
  7746 | D:9      | Found a staircase to the Lair.
  7772 | D:9      | Noticed bullock's ghost (powerful DEWz)
  7789 | D:10     | Entered Level 10 of the Dungeon
  7823 | D:10     | Acquired Nemelex Xobeh's second power
  7938 | D:10     | Found a flagged portal.
  8048 | Bailey   | Entered a bailey
  8080 | Bailey   | Noticed an orc knight
  8093 | Bailey   | Noticed an elephant
  8093 | Bailey   | an orc knight changed into an elephant
  8168 | Bailey   | Slain by an elephant

Action                   |  1- 3 |  4- 6 |  7- 9 || total
-------------------------+-------+-------+-------++-------
Melee: Unarmed           |   112 |   270 |   684 ||  1066
       Spear             |       |       |     7 ||     7
Throw: Javelin           |       |       |    11 ||    11
       Tomahawk          |       |       |     7 ||     7
       Throwing net      |       |       |     1 ||     1
Invok: Draw One          |       |       |     1 ||     1
Evoke: Wand              |     5 |    12 |    80 ||    97
       Deck              |       |       |    12 ||    12
  Use: Scroll            |       |     4 |    18 ||    22
       Potion            |       |       |     3 ||     3
 Stab: Confused          |       |       |     1 ||     1
  Eat: Chunk             |     7 |    27 |    35 ||    69
       Bread ration      |       |       |     3 ||     3
       Pizza             |       |       |     1 ||     1
       Beef jerky        |       |       |     1 ||     1
